 Dungeon Sprint DCSS version 0.27.1-1-g398f81649c (webtiles) character file.

Game seed: 14448462767024151969

124 ugugthedestroyer the Grave Robber (level 4, 0/31 HPs)
             Began as a Mummy Necromancer on Sept 11, 2021.
             Was a Believer of Yredelemnul.
             Killed from afar by a white imp (4 damage)
             ... with a puff of frost
             ... in the Dungeon (Sprint VII: "The Pits").
             The game lasted 00:04:26 (958 turns).

ugugthedestroyer the Grave Robber (MuNe)             Turns: 958, Time: 00:04:27

Health: 0/31       AC:  2    Str: 11    XL:     4   Next: 81%
Magic:  6/13       EV: 12    Int: 15    God:    Yredelemnul [**....]
Gold:   0          SH:  0    Dex: 12    Spells: 13/17 levels left

rFire    x . .     SeeInvis .   (no weapon)
rCold    + . .     Faith    .   (no shield)
rNeg     + + +     Spirit   .   a - +0 robe
rPois    ∞         Reflect  .   (no helmet)
rElec    .         Harm     .   (no cloak)
rCorr    .         Rampage  .   (no gloves)
Will     .....     NoTele   +   (no boots)
Stlth    ++........             (no amulet)
HPRegen  0.10/turn              (no ring)
MPRegen  0.13/turn              (no ring)

@: no status effects
A: cold resistance 1, negative energy resistance 3, torment resistance 2, heat
vulnerability 1, no potions
a: Renounce Religion, Animate Remains, Recall Undead Slaves, Injury Mirror


You were in the Dungeon.
You worshipped Yredelemnul.
Yredelemnul was pleased with you.
You visited 1 branch

Inventory:

Armour
 a - a +0 robe (worn)
Scrolls
 c - 5 scrolls of amnesia


   Skills:
 + Level 0.9 Fighting
 + Level 2.8 Dodging
 - Level 1.5 Stealth
 + Level 0.9 Unarmed Combat
 + Level 7.4 Spellcasting
 + Level 7.9 Necromancy


You had 13 spell levels left.
You knew the following spells:

 Your Spells              Type           Power      Damage    Failure   Level
a - Pain                  Necr           100%       1d9       1%          1
b - Vampiric Draining     Necr           14%        2d8       1%          3

Your spell library contained the following spells:

 Spells                   Type           Power      Damage    Failure   Level
 Animate Skeleton         Necr           58%        N/A       1%          1
 Animate Dead             Necr           14%        N/A       4%          4
 Agony                    Necr           29%        N/A       14%         5


Dungeon Overview and Level Annotations

Branches:
Dungeon (1/1)

Altars:
Ashenzari
Cheibriados
Dithmenos
Elyvilon
Fedhas
Gozag
Hepliaklqana
Kikubaaqudgha
Makhleb
Nemelex Xobeh
Okawaru
Qazlal
Ru
Sif Muna
Trog
Uskayaw
Vehumet
Wu Jian
Xom
Yredelemnul
Zin
The Shining One
Beogh
Jiyva
Lugonu

Annotations:
D Dowan, Duvessa


Innate Abilities, Weirdness & Mutations

You are immune to poison.
Your flesh is cold resistant. (rC+)
You are immune to negative energy. (rN+++)
You are immune to unholy pain and torment.
You are vulnerable to heat. (rF-)
You do not drink.


Message History

You can't drink.
As you read the scroll of summoning, it crumbles to dust.
Wisps of shadow whirl around you...
The shadows disperse without effect.
The white imp gestures at you. The puff of frost hits you. You resist.
* * * LOW HITPOINT WARNING * * *
The white imp gestures at you. The puff of frost misses you.
Dowan gestures at Duvessa while chanting.
Duvessa seems to speed up.
There is an open door here.
The white imp gestures at you. The puff of frost hits you. You resist.
* * * LOW HITPOINT WARNING * * *
You close the door.
You can't drink.
Blink to where?
Press: ? - help, Dir - move target
As you read the scroll of blinking, it crumbles to dust.
You close the door.
There is an open door here.
You close the door.
You see here a +0 dagger.
There is an open door here.
You close the door.
There is an open door here.
You see here 5 potions of curing.
You close the door.
You see here a +0 long sword of flaming.
You see here a +2 vorpal flail.
You see here a +1 vorpal hand axe.
A white imp opens the door.
You see here a +3 chain mail.
The white imp gestures at you. The puff of frost misses you.
You see here a +3 scale mail.
The white imp gestures at you. The puff of frost hits you. You resist.
You die...
Yredelemnul claims you as an undead slave.

#_________.#
#_______...###########++
##########'##...........
#.?(!')))'.##......#..#.
##########.##...........
#§..........'...........
#+#####+#####......#..#.
#.#.....#[[##...........
#.#.....#)@#####'#####++
#5###+###))##.......#
#5#...).#))##.......#
#e#..).÷#5!##.......#
#e####+##'###...<...#
#.#........##.......#
#Z#........##.......#
#'###########.......#
#.. #########


You could see a white imp.

Vanquished Creatures
  A wolf (D)
  An adder (D)
  A gnoll (D)
  2 river rats (D)
  A goblin (D)
  2 hobgoblins (D)
  A frilled lizard (D)
  A rat (D)
10 creatures vanquished.

Notes
Turn   | Place    | Note
-------+----------+-------------------------------------------
     0 | D        | ugugthedestroyer the Mummy Necromancer began the quest for
                  | the Orb.
     0 | D        | Reached XP level 1. HP: 13/13 MP: 4/4
    39 | D        | Found a bloodstained altar of Trog.
    39 | D        | Found a shimmering blue altar of Sif Muna.
    39 | D        | Found a viscous altar of Jiyva.
    39 | D        | Found a hazy altar of Hepliaklqana.
    39 | D        | Found an opulent altar of Gozag.
    40 | D        | Found a basalt altar of Yredelemnul.
    40 | D        | Found a shimmering altar of Xom.
    40 | D        | Found an ornate altar of the Wu Jian Council.
    40 | D        | Found a sacrificial altar of Ru.
    40 | D        | Found a stormy altar of Qazlal.
    40 | D        | Found an iron altar of Okawaru.
    40 | D        | Found a sparkling altar of Nemelex Xobeh.
    40 | D        | Found a burning altar of Makhleb.
    40 | D        | Found a blossoming altar of Fedhas.
    40 | D        | Found a shadowy altar of Dithmenos.
    40 | D        | Found a snail-covered altar of Cheibriados.
    42 | D        | Found a radiant altar of Vehumet.
    42 | D        | Found a corrupted altar of Lugonu.
    44 | D        | Found an ancient bone altar of Kikubaaqudgha.
    44 | D        | Found a hide-covered altar of Uskayaw.
    44 | D        | Found a broken altar of Ashenzari.
    69 | D        | Became a worshipper of Yredelemnul the Dark
   139 | D        | Reached * piety under Yredelemnul
   140 | D        | Reached skill level 5 in Necromancy
   162 | D        | Reached XP level 2. HP: 2/19 MP: 0/6
   722 | D        | Reached ** piety under Yredelemnul
   730 | D        | Reached XP level 3. HP: 18/25 MP: 0/9
   845 | D        | Reached skill level 5 in Spellcasting
   858 | D        | Learned a level 3 spell: Vampiric Draining
   910 | D        | Noticed a wolf
   913 | D        | Noticed Dowan
   915 | D        | Killed a wolf
   916 | D        | Reached XP level 4. HP: 26/31 MP: 0/13
   916 | D        | Noticed Duvessa
   929 | D        | HP: 1/31 [white imp/puff of frost (4)]
   958 | D        | Killed from afar by a white imp

Illustrated notes

Levels and vault maps discovered:
D:        pitsprint [storerooms_1, entrance_room_1, metal_vault_1, armoury_1,
          mini_pit_1, grid_room_1, main_hall_1, silver_pit, the_coven_2,
          the_vestibule_1, steel_vault_4, golden_pit, hallway_of_sentries,
          crystal_vault_6, iron_vault_2, final_vault]

Skill      XL: |  1  2  3 |
---------------+----------+-----
Spellcasting   | 3 4 7 |  7.4
Necromancy     | 5 6 7 |  7.9
Dodging        | 2 |  2.8
Fighting       | |  0.9
Stealth        | |  1.5
Unarmed Combat | |  0.9

Action                   |  1- 3 |  4- 6 || total
-------------------------+-------+-------++-------
Melee: Unarmed           |    17 |     4 ||    21
 Cast: Pain              |    28 |       ||    28
       Vampiric Draining |     2 |       ||     2
  Use: Scroll            |       |     2 ||     2
Armor: Robe              |     4 |       ||     4
Dodge: Dodged            |    18 |     8 ||    26
